 Dungeon Crawl Stone Soup version 0.29.1-13-g9f3cf754e1 (webtiles) character file.

Game seed: 11166822118676074298

110 kingofthe the Covered (level 4, -3/41 HPs)
             Began as a Minotaur Fighter on Jan 22, 2023.
             Was an Initiate of Hepliaklqana.
             Slain by a gnoll
             ... wielding a +0 club
              (4 damage)
             ... on level 3 of the Dungeon.
             The game lasted 00:02:43 (1092 turns).

kingofthe the Covered (Minotaur Fighter)            Turns: 1092, Time: 00:02:44

Health: -3/41      AC:  8    Str: 21    XL:     4   Next: 61%
Magic:  3/3        EV: 10    Int:  5    God:    Hepliaklqana [......]
Gold:   43         SH:  4    Dex: 11    Spells: 3/3 levels left

rFire   . . .      SeeInvis .   a - +0 trident
rCold   + . .      Faith    .   c - +0 buckler
rNeg    . . .      Spirit   .   b - +0 scale mail
rPois   .          Reflect  .   (helmet restricted)
rElec   .          Harm     .   (no cloak)
rCorr   .          Rampage  .   (no gloves)
Will    .....                   i - +0 pair of boots
Stlth   ..........              (no amulet)
HPRegen 0.13/turn               h - ring of protection from cold
MPRegen 0.08/turn               (no ring)

@: no status effects
A: horns 2, retaliatory headbutt
a: Renounce Religion


You were on level 3 of the Dungeon.
You worshipped Hepliaklqana.
Hepliaklqana was noncommittal.
You visited 2 branches of the dungeon, and saw 6 of its levels.

You collected 43 gold pieces.

Inventory:

Hand Weapons
 a - a +0 trident (weapon)
Armour
 b - a +0 scale mail (worn)
 c - a +0 buckler (worn)
 i - a +0 pair of boots (worn)
Jewellery
 h - a ring of protection from cold (left hand)
Scrolls
 e - a scroll of identify
 f - a scroll of immolation {unknown}
 j - a scroll of enchant weapon {unknown}
 k - a scroll of teleportation {unknown}
 l - a scroll of vulnerability {unknown}
Potions
 d - a potion of might
 g - a potion of haste


   Skills:
 + Level 4.3 Fighting
 + Level 3.4 Polearms
 + Level 4.3 Armour
 + Level 1.9 Dodging
 + Level 4.3 Shields


You had 3 spell levels left.
You didn't know any spells.
Your spell library was empty.

Dungeon Overview and Level Annotations

Branches:
Dungeon (5/15)             Temple (1/1) D:4

Altars:
Ashenzari
Cheibriados
Dithmenos
Elyvilon
Fedhas
Hepliaklqana
Kikubaaqudgha
Nemelex Xobeh
Okawaru
Qazlal
Ru
Sif Muna
Uskayaw
Wu Jian
Xom
Yredelemnul
Zin
The Shining One

Annotations:
D:4 Robin


Innate Abilities, Weirdness & Mutations

You have a pair of horns on your head.
You reflexively headbutt those who attack you in melee.


Message History

You climb upwards.
The gnoll shouts! x3; The adder hisses angrily.
The gnoll shouts! x4
You hear a shout! x3
Found 6 stones.
Found a stone staircase leading up.
There is a stone staircase leading down here.
There are monsters nearby!
You hit the gnoll. Your headbutt misses the gnoll.
The gnoll is moderately wounded.
The gnoll hits you with a +0 spear.
The gnoll hits you from afar with a +0 spear.
The gnoll hits you from afar with a +0 halberd.
A hobgoblin comes into view.
A ball python comes into view.
The ball python hisses angrily.
The gnoll hits you with a +0 club. The gnoll hits you with a +0 flail.
The gnoll hits you from afar with a +0 spear.
The gnoll hits you with a +0 spear. The adder attacks as you move away!
The adder bites you.
An orc comes into view. It is wielding a +0 short sword.
The orc shouts!
The gnoll hits you with a +0 club. You block the gnoll's attack.
The gnoll closely misses you. The gnoll hits you with a +0 spear.
The adder closely misses you.
The orc moves out of view.
An orc comes into view. It is wielding a +0 whip.
The gnoll closely misses you. The gnoll barely misses you.
The gnoll completely misses you. You furiously retaliate!
You headbutt the gnoll!
An orc priest comes into view. It is wielding a +0 whip.
The gnoll attacks as you move away! The gnoll hits you with a +0 spear.
* * * LOW HITPOINT WARNING * * *
The adder attacks as you move away! The adder completely misses you.
You furiously retaliate!
You headbutt the adder. You block the ball python's attack.
The ball python misses you. The gnoll misses you.
The orc priest calls down the wrath of Beogh upon you.
Beogh smites you!
* * * LOW HITPOINT WARNING * * *
An orc comes into view. It is wielding a +0 dagger.
The gnoll attacks as you move away! The gnoll hits you with a +0 club.
You die...

#...........
#...........
#........o.o
.........oo
#.........#
##(........#
#...<.g....#
#...@S.....#
#...Sg.....##
#..gggg......
#...g.g......
##...>....#.
##.......#
#######.# .#
.


You could see an orc priest, 7 gnolls, an adder, 3 orcs, a hobgoblin and a ball
python.

Vanquished Creatures
  A black bear (D:4)
  2 bats (D:1)
  2 endoplasms
  5 hobgoblins
  2 quokkas (D:1)
  2 ball pythons
  2 goblins
  2 kobolds (D:1)
  2 rats (D:1)
20 creatures vanquished.

Notes
Turn   | Place    | Note
-------+----------+-------------------------------------------
     0 | D:1      | kingofthe the Minotaur Fighter began the quest for the Orb.
     0 | D:1      | Reached XP level 1. HP: 19/19 MP: 0/0
   176 | D:1      | Reached XP level 2. HP: 24/27 MP: 1/1
   379 | D:1      | Found a faded altar of an unknown god.
   676 | D:2      | You fall into a shaft and drop 2 floors!
   681 | D:4      | Noticed a scorpion
   684 | D:4      | Reached skill level 1 in Dodging
   701 | D:5      | Entered Level 5 of the Dungeon
   727 | D:4      | Found a staircase to the Ecumenical Temple.
   732 | Temple   | Entered the Ecumenical Temple
   876 | Temple   | Became a worshipper of Hepliaklqana the Forgotten
   899 | D:4      | Noticed a black bear
   927 | D:4      | Killed a black bear
   928 | D:4      | Reached XP level 3. HP: 17/34 MP: 2/2
   928 | D:4      | Reached XP level 4. HP: 20/41 MP: 3/3
  1085 | D:4      | Noticed Robin
  1091 | D:3      | HP: 1/41 [orc priest/divine providence (10)]
  1092 | D:3      | Slain by a gnoll

Illustrated notes

Levels and vault maps discovered:
D:1:      tarquinn_simple_flora_water_a, layout_loops_ring,
          basic_ecumenical_altar
D:2:      layout_loops_corners, minivault_4, kennysheep_generic_room_6
D:3:      layout_rooms, mainiacjoe_overflow_two_lobes,
          nicolae_gozag_seed_capital
D:4:      layout_cave_pools, temple_doors_ab, portal_sewer_entry_e, uniq_robin
D:5:      minmay_recursive_quarters, layout_gridville, grunt_ministairs_7,
          nicolae_specific_store, roderic_lattice_a
Temple:   regret_index_temple_mists

Skill      XL: |  1  2 |
---------------+-------+-----
Dodging        | 1 |  1.9
Fighting       | 4 |  4.3
Polearms       | 3 |  3.4
Armour         | 4 |  4.3
Shields        | 4 |  4.3

Action                   |  1- 3 |  4- 6 || total
-------------------------+-------+-------++-------
Melee: Trident           |    42 |     2 ||    44
       Headbutt          |     5 |       ||     5
  Use: Scroll            |     1 |       ||     1
Armor: Scale mail        |    21 |     2 ||    23
Dodge: Dodged            |    19 |     9 ||    28
Block: Buckler           |     7 |     3 ||    10
